 Dungeon Crawl Stone Soup version 0.20-a0-1043-gbd57889 (webtiles) character file.

51 theAP the Skirmisher (level 3, 0/24 HPs)
             Began as a Gargoyle Fighter on Apr 24, 2017.
             Slain by an orc wizard
             ... wielding a +0 dagger
              (2 damage)
             ... on level 2 of the Dungeon.
             The game lasted 00:01:45 (914 turns).

theAP the Skirmisher (Gargoyle Fighter)              Turns: 914, Time: 00:01:47

Health: 0/24       AC: 10    Str: 20    XL:     3   Next: 81%
Magic:  3/3        EV:  7    Int:  8    God:
Gold:   87         SH:  9    Dex:  9    Spells: 2/2 levels left

rFire    . . .     SeeInvis .   a - +0 flail
rCold    . . .     Gourm    .   c - +0 shield
rNeg     + . .     Faith    .   b - +0 scale mail
rPois    ∞         Spirit   .   (no helmet)
rElec    +         Reflect  .   (no cloak)
rCorr    .         Harm     .   (no gloves)
MR       .....                  (no boots)
Stlth    ..........             (no amulet)
Regen    0.1/turn               (no ring)
MPRegen  0.1/turn               (no ring)

@: no status effects
A: negative energy resistance 1, electricity resistance, unbreathing,
petrification resistance, rot immunity, AC +3
a: no special abilities


You were on level 2 of the Dungeon.
You were hungry.

You visited 1 branch of the dungeon, and saw 2 of its levels.

You collected 87 gold pieces.

Inventory:

Hand Weapons
 a - a +0 flail (weapon)
Armour
 b - a +0 scale mail (worn)
 c - a +0 shield (worn)
Scrolls
 e - 2 scrolls of identify {unknown}
 h - a scroll of magic mapping {unknown}
 j - a scroll of amnesia {unknown}
 k - a scroll of enchant weapon {unknown}
 n - a scroll of remove curse {unknown}
Potions
 d - a potion of might
 i - a potion of agility {unknown}
 l - a potion of curing {unknown}
 m - a potion of flight {unknown}
 o - 2 potions of haste {unknown}
Comestibles
 f - 2 bread rations
 g - a meat ration


   Skills:
 + Level 4.1 Fighting
 * Level 3.2 Maces & Flails
 - Level 3.2 Armour
 - Level 3.3 Shields


You had 2 spell levels left.
You didn't know any spells.

Dungeon Overview and Level Annotations

Branches:
Dungeon (2/15)

Altars:


Innate Abilities, Weirdness & Mutations

You are resistant to torment.
Your stone body is resilient. (AC +3)
You are immune to poison.
You resist negative energy. (rN+)
You are resistant to electric shocks. (rElec)
You can survive without breathing.
You are immune to petrification.
You are immune to rotting.


Message History

You are too injured to fight recklessly!
You are too injured to fight recklessly!
You are too injured to fight recklessly!
You are too injured to fight recklessly!
You closely miss the orc wizard.
The orc wizard is moderately wounded.
The orc wizard closely misses you.
The orc wizard hits you but does no damage.
You barely miss the orc wizard.
The orc wizard is moderately wounded.
You block the orc wizard's attack.
The orc wizard hits you but does no damage.
You closely miss the orc wizard.
The orc wizard is moderately wounded.
The orc wizard hits you but does no damage.
The orc priest mumbles some strange prayers to Beogh against you.
Beogh smites you!
* * * LOW HITPOINT WARNING * * *
The orc wizard hits you with a dagger.
You die...

#............#
######............#
.......#...#......#
######.............)...#
.......####..####......# ######
8...8..## #..# #......# #.....
........###..# ###.#(.# #.####
......†..%#.o######.#..# ##.##
........#...ooo@....#..###...###
8...8..####..########......#..<.
....... .....# #.####...##.
######..####.# #.#......... ..
#$# #.#.###.#### ## #.# #.# #.#
..# #.# #.# ### #. #.. #


You could see an orc priest, an orc wizard and 2 orcs.

Vanquished Creatures
  A dart slug (D:1)
  A leopard gecko (D:1)
  2 orcs (D:2)
  6 bats (D:1)
  2 giant cockroaches (D:1)
  4 goblins (D:1)
  4 hobgoblins (D:1)
  10 jackals (D:1)
  4 frilled lizards
  2 kobolds
  3 rats
39 creatures vanquished.

Notes
Turn   | Place    | Note
-------+----------+-------------------------------------------
     0 | D:1      | theAP the Gargoyle Fighter began the quest for the Orb.
     0 | D:1      | Reached XP level 1. HP: 14/14 MP: 1/1
   131 | D:1      | Reached XP level 2. HP: 6/19 MP: 2/2
   413 | D:1      | Reached skill level 4 in Fighting
   413 | D:1      | Reached XP level 3. HP: 24/24 MP: 3/3
   914 | D:2      | Slain by an orc wizard

Vault maps used:
D:1:      elethiomel_arrival_quiet, serial_bayou, serial_bayou_pond_b,
          serial_bayou_pond_e, serial_bayou_shore_b, serial_bayou_crossing,
          minmay_stone_trees_small
D:2:      cheibrodos_pilgrimage

Skill      XL: |  1  2  3 |
---------------+----------+-----
Fighting       | 4 |  4.1
Maces & Flails | 3 |  3.2
Armour         | |  3.2
Shields        | |  3.3

Action                   || total
-------------------------++-------
Melee: Flail             ||   174
Armor: Scale mail        ||   127
Dodge: Dodged            ||    86
Block: Shield            ||   105
